AoeStats
← Michi3052

Arabia

509753738Analyzed
1v1 RM · 4d ago on Sep 27, 2026· 25m 28s· 2 players
Game mode
Random Map
Map size
Tiny (2 player)
Population
200
Speed
Normal
Resources
Standard
Victory
Conquest
Starting age
Dark Age
Ending age
Imperial Age
RankedLock teamsTeams togetherTeam positionsShared explorationLock speedFull tech treeHidden civsTurbo modeCheats
Victory
Defeat
🇪🇸 Inca · Spain
717
+16
🇻🇪 Poles · Venezuela
710
-16
GUOL0L0 JhosDash
7:50 Loom
11:50 Feudal Age
11:55 Man-at-Arms
14:52 Scale Mail Armor
20:51 Castle Age
21:01 Long Swordsman
24:14 Double-Bit Axe
Michi3052
12:26 Feudal Age
13:40 Champi Runner
16:52 Horse Collar
17:21 Double-Bit Axe
19:15 Scale Mail Armor
25:48 Castle Age
Connection lost

Rejoining the realm…

Still unreachable

The connection could not be restored.

Session expired

The server has moved on; the page needs a fresh start.